 Dungeon Crawl Stone Soup version 0.19.5 (webtiles) character file.

49 equalderp2856 the Scratcher (level 3, -7/17 HPs)
             Began as a Felid Fighter on Mar 11, 2017.
             Killed by divine providence
             ... invoked by an orc priest
              (9 damage)
             ... on level 3 of the Dungeon.
             The game lasted 00:03:24 (1877 turns).

equalderp2856 the Scratcher (Felid Fighter)         Turns: 1877, Time: 00:03:25

Health: -7/17      AC:  1    Str: 13    XL:     3   Next: 51%
Magic:  4/4        EV: 19    Int:  9    God:
Gold:   120        SH:  0    Dex: 15    Spells: 0 memorised, 2 levels left
                                        Lives:  0   Deaths: 0

rFire  . . .     SeeInvis +       - Unarmed
rCold  . . .     Gourm    .     (armour unavailable)
rNeg   . . .     Faith    .     (shield unavailable)
rPois  .         Spirit   .     (helmet unavailable)
rElec  .         Reflect  .     (cloak unavailable)
rCorr  .         Harm     .     (gloves unavailable)
MR     .....                    (boots unavailable)
Stlth  ++........               (no amulet)
                                (no ring)
                                (no ring)

@: quick
A: no armour, no weapons or thrown items, stealth, claws 1, fangs 3, see
invisible, carnivore 3, speed 1, shaggy fur 1, slow metabolism 1, sharp paws
a: no special abilities


You were on level 3 of the Dungeon.
You were full.

You visited 1 branch of the dungeon, and saw 3 of its levels.

You collected 120 gold pieces.

Inventory:

Jewellery
 d - an uncursed ring of see invisible {unknown}
 g - an uncursed ring of ice {unknown}
 n - an uncursed ring of protection from cold {unknown}
Scrolls
 f - a scroll of fog {unknown}
 h - 6 scrolls of identify {unknown}
 i - 2 scrolls of immolation {unknown}
 l - a scroll of magic mapping {unknown}
Potions
 a - 2 potions of might
 c - 2 potions of ambrosia {unknown}
 e - 2 potions of brilliance {unknown}
 j - 2 potions of heal wounds {unknown}
 m - a potion of cancellation {unknown}
Comestibles
 b - a meat ration
 k - a bread ration


   Skills:
 + Level 3.3 Fighting
 + Level 4.2 Dodging
 + Level 1.1 Stealth
 + Level 4.8 Unarmed Combat


You had 2 spell levels left.
You didn't know any spells.

Dungeon Overview and Level Annotations

Branches:
Dungeon (3/15)

Altars:


Innate Abilities, Weirdness & Mutations

You cannot wear armour.
You are incapable of wielding weapons or throwing items.
Your paws allow you to move quietly. (Stealth)
You have sharp claws.
You have razor-sharp teeth.
You have supernaturally acute eyesight. (SInv)
You are carnivorous and can eat meat at any time.
You cover ground quickly.
You are covered in fur. (AC +1)
You have a slow metabolism.
Your sharp claws are effective at attacking unaware monsters.


Message History

m - a purple potion
Found a stone staircase leading down.
n - an encrusted emerald ring
a - 2 potions of might (gained 1)
An orc priest comes into view.
You see here 15 gold pieces.
An orc priest is nearby!
The orc priest is too close now for your liking.
You see here 15 gold pieces.
Things that are here:
a club; a hobgoblin corpse; an adder corpse The orc priest calls down the wrath of Beogh upon you.
Beogh smites you!
Ouch! That really hurt!
* * * LOW HITPOINT WARNING * * *
There is a stone staircase leading up here.
The orc priest calls down the wrath of Beogh upon you.
Beogh smites you!
Ouch! That really hurt!
You die...

# .#. ....#
#########.#..##
#.............###
###...............#
#.@)........##....#
#.#.........##.....
...#.........#......
#..###......o..#.....o
...................>...
............##..##......
.....######....###......
.>#. #..### #...... #
..... ##.....


You could see an orc priest.

Vanquished Creatures
  An adder (D:3)
  4 dart slugs
  A leopard gecko (D:1)
  2 giant cockroaches
  2 goblins (D:2)
  5 hobgoblins
  A quokka (D:2)
  2 bats (D:1)
  2 frilled lizards
  5 kobolds
  8 rats
33 creatures vanquished.

Notes
Turn   | Place    | Note
-------+----------+-------------------------------------------
     0 | D:1      | equalderp2856 the Felid Fighter began the quest for the Orb.
     0 | D:1      | Reached XP level 1. HP: 10/10 MP: 2/2
   315 | D:1      | Reached XP level 2. HP: 14/14 MP: 3/3
  1415 | D:2      | Reached XP level 3. HP: 17/17 MP: 4/4
  1806 | D:3      | Reached skill level 1 in Stealth
  1877 | D:3      | Killed from afar by an orc priest

Skill      XL: |  1  2  3 |
---------------+----------+-----
Stealth        | 1 |  1.1
Fighting       | |  3.3
Dodging        | |  4.2
Unarmed Combat | |  4.8

Action                   || total
-------------------------++-------
Melee: Unarmed           ||    81
       Bite              ||     3
       Punch             ||     1
 Stab: Sleeping          ||     6
  Eat: Chunk             ||     6
Armor: Skin              ||     4
Dodge: Dodged            ||    51
